 Dungeon Crawl Stone Soup version 0.18.1-50-g88ac8fd (webtiles) character file.

121 Patate the Sneak (level 4, -1/23 HPs)
             Began as a Spriggan Assassin on Oct 26, 2016.
             Slain by an orc
             ... wielding a +0 short sword
              (5 damage)
             ... on level 4 of the Dungeon on Oct 27, 2016.
             The game lasted 00:10:54 (4790 turns).

Patate the Sneak (Spriggan Assassin)                Turns: 4790, Time: 00:10:54

Health: -1/23      AC:  3    Str:  7    XL:     4   Next: 76%
Magic:  5/5        EV: 17    Int: 14    God:
Gold:   203        SH:  0    Dex: 18    Spells: 0 memorised, 3 levels left

rFire  . . .     SeeInvis +     a - +2 dagger
rCold  . . .     Gourm    .     c - +0 robe
rNeg   . . .     Faith    .     (shield restricted)
rPois  .         Spirit   .     (helmet restricted)
rElec  .         Dismiss  .     d - +0 cloak
rCorr  .         Reflect  .     (gloves unavailable)
SustAt .         Harm     .     (boots unavailable)
MR     +....                    (no amulet)
Stlth  ++++......               w - ring of protection from magic
                                u - +2 ring of intelligence

@: very quick, somewhat resistant to hostile enchantments, stealthy
A: unfitting armour, see invisible, herbivore 3, speed 3, slow metabolism 2
a: no special abilities


You were on level 4 of the Dungeon.
You were very hungry.

You visited 1 branch of the dungeon, and saw 4 of its levels.

You collected 203 gold pieces.

Inventory:

Hand Weapons
 a - a +2 dagger (weapon)
 b - a +0 blowgun
 e - a +1 short sword of protection
Armour
 c - a +0 robe (worn)
 d - a +0 cloak (worn)
Jewellery
 u - a +2 ring of intelligence (left hand)
 w - a ring of protection from magic (right hand)
Scrolls
 h - 3 scrolls of blinking {unknown}
 i - a scroll of fog {unknown}
 j - 2 scrolls of identify {unknown}
 l - 3 scrolls of remove curse {unknown}
 o - 2 scrolls of noise {unknown}
 p - 2 scrolls of teleportation {unknown}
 q - a scroll of magic mapping {unknown}
 r - a scroll of immolation {unknown}
 s - 2 scrolls of enchant weapon {unknown}
 y - 2 scrolls of random uselessness {unknown}
Potions
 f - a potion of brilliance {unknown}
 k - a potion of magic {unknown}
 m - a potion of flight {unknown}
 n - a potion of lignification {unknown}
 t - a potion of degeneration {unknown}
 x - a potion of curing {unknown}
 z - a potion of might {unknown}
 A - a potion of haste {unknown}
Books
 v - a book of Clouds

   Spells                             Type                      Level
   a - Mephitic Cloud                 Conjuration/Poison/Air       3
   b - Conjure Flame                  Conjuration/Fire             3
   c - Poisonous Cloud                Conjuration/Poison/Air       6
   d - Freezing Cloud                 Conjuration/Ice/Air          6
   e - Ring of Flames                 Charms/Fire                  7
Comestibles
 g - 4 bread rations


   Skills:
 + Level 2.7 Fighting
 * Level 3.7 Short Blades
 - Level 2.0 Throwing
 - Level 1.5 Dodging
 * Level 7.0 Stealth


You had 3 spell levels left.
You didn't know any spells.

Dungeon Overview and Level Annotations

Branches:
Dungeon (4/15)
 Temple: D:4-7

Altars:
Qazlal
Trog
Zin


Innate Abilities, Weirdness & Mutations

You are tiny and cannot use many weapons and most armour.
You have supernaturally acute eyesight.
You are a herbivore.
You cover ground extremely quickly.
You need consume almost no food.


Message History

The orc is lightly wounded.
You closely miss the orc.
The orc is lightly wounded.
The orc misses you.
You barely miss the orc.
The orc is lightly wounded.
The orc barely misses you.
You barely miss the orc.
The orc is lightly wounded.
The orc hits you with a short sword.
You hit the orc.
The orc is heavily wounded.
The orc hits you with a short sword.
* * * LOW HITPOINT WARNING * * *
You hit the orc.
The orc is almost dead.
You barely miss the orc.
The orc is almost dead.
The orc hits you with a short sword.
You die...

#####.# #.....#
#.....# #.....#
# #.....# .##
#.....# .?..
#.....# .....
#.....###......
#####.o@.......
#####......
...#. .... ...
.. .


You could see an orc.

Vanquished Creatures
  4 adders
  A worm (D:2)
  4 dart slugs
  A giant gecko (D:2)
  6 orcs
  8 bats
  4 giant cockroaches
  6 goblins
  9 hobgoblins
  4 jackals (D:3)
  2 quokkas
  3 ball pythons
  2 giant newts (D:3)
  7 kobolds
  A rat (D:1)
62 creatures vanquished.

Notes
Turn   | Place    | Note
--------------------------------------------------------------
     0 | D:1      | Patate the Spriggan Assassin began the quest for the Orb.
     0 | D:1      | Reached XP level 1. HP: 10/10 MP: 2/2
    45 | D:1      | Reached skill level 6 in Stealth
   294 | D:1      | Reached XP level 2. HP: 15/15 MP: 3/3
  1121 | D:1      | Reached XP level 3. HP: 11/18 MP: 4/4
  1750 | D:2      | Found a bloodstained altar of Trog.
  2276 | D:2      | Reached XP level 4. HP: 23/23 MP: 5/5
  2283 | D:2      | Found a faded altar to an unknown god.
  2704 | D:3      | Found a stormy altar of Qazlal.
  2811 | D:3      | Reached skill level 7 in Stealth
  3026 | D:3      | Found a glowing silver altar of Zin.
  4790 | D:4      | Slain by an orc

Skill      XL: |  1  2  3  4 |
---------------+-------------+-----
Stealth        | 6 7 |  7.0
Fighting       | 2 |  2.7
Short Blades   | 3 |  3.7
Throwing       | |  2.0
Dodging        | |  1.5

Action                   |  1- 3 |  4- 6 || total
-------------------------+-------+-------++-------
Melee: Dagger            |   101 |   101 ||   202
       Short sword       |       |     9 ||     9
 Fire: Blowgun           |    16 |    17 ||    33
 Stab: Sleeping          |    11 |     2 ||    13
Armor: Robe              |    13 |     9 ||    22
Dodge: Dodged            |    71 |    81 ||   152
